AoeStats
← mimisler43

Arena

505482891Analyzed
2v2 RM · 23d ago on Sep 9, 2026· 48m 51s· 4 players
Game mode
Random Map
Map size
Medium (4 player)
Population
200
Speed
Normal
Resources
Standard
Victory
Conquest
Starting age
Dark Age
Ending age
Imperial Age
RankedLock teamsTeams togetherTeam positionsShared explorationLock speedFull tech treeHidden civsTurbo modeCheats
Victory
Defeat
🇦🇷 Khmer · Argentina
670
+12
🇦🇷 Inca · Argentina
470
+21
🇹🇷 Dravidians · Türkiye
616
-18
🇬🇧 Jurchens · United Kingdom
543
-15
TupacInca 6293
0:29 Loom
15:21 Feudal Age
19:58 Double-Bit Axe
21:00 Horse Collar
27:26 Castle Age
26:22 Scale Mail Armor
29:43 Champi Runner
33:31 Pikeman
35:17 Champi Warrior
36:17 Chain Mail Armor
36:06 Andean Sling
49:59 Imperial Age
47:34 Squires
47:20 Arson
Supiluliuma
0:29 Loom
11:21 Feudal Age
16:50 Castle Age
16:31 Double-Bit Axe
16:41 Stone Mining
16:47 Gold Mining
16:39 Horse Collar
20:25 Wheelbarrow
30:46 Imperial Age
29:38 Ballistics
30:17 Gold Shaft Mining
30:24 Bow Saw
30:24 Heavy Plow
31:40 Hand Cart
33:09 Chemistry
33:09 Elite Ballista Elephant
34:10 Conscription
35:01 Crop Rotation
34:58 Double Crossbow
36:02 Tusk Swords
36:25 Husbandry
36:36 Bloodlines
35:47 Light Cavalry
36:40 Forging
36:36 Scale Barding Armor
36:33 Padded Archer Armor
36:40 Padded Archer Armor
38:48 Hussar
40:14 Chain Barding Armor
41:07 Leather Archer Armor
41:29 Iron Casting
42:07 Plate Barding Armor
45:47 Siege Engineers
46:46 Blast Furnace
46:18 Ring Archer Armor
S1rkumsiz3d
0:50 Loom
10:19 Feudal Age
11:42 Wheelbarrow
11:02 Double-Bit Axe
12:16 Wheelbarrow
12:40 Horse Collar
15:12 Stone Mining
17:19 Gold Mining
22:36 Castle Age
21:53 Fletching
24:07 Hand Cart
24:25 Pikeman
27:10 Squires
27:04 Gambesons
28:02 Bloodlines
29:07 Elite Skirmisher
31:08 Bow Saw
33:46 Stone Shaft Mining
33:48 Gold Shaft Mining
34:32 Bodkin Arrow
38:17 Imperial Age
37:30 Heavy Plow
37:18 Treadmill Crane
37:49 Fortified Wall
38:00 Ballistics
37:32 Guard Tower
38:41 Capped Ram
38:42 Heavy Rocket Cart
39:07 Halberdier
39:14 Elite Steppe Lancer
41:06 Husbandry
41:18 Crossbowman
44:16 Bracer
mimisler43
11:30 Feudal Age
12:48 Wheelbarrow
12:02 Double-Bit Axe
12:53 Gold Mining
13:19 Horse Collar
21:22 Castle Age
22:33 Hand Cart
26:45 Caravan
27:56 Heavy Plow
28:42 Stone Mining
29:42 Bow Saw
31:09 Husbandry
32:49 Coinage
37:52 Imperial Age
37:18 Ballistics
37:05 Scale Barding Armor
37:12 Forging
36:53 Fletching
37:03 Padded Archer Armor
37:06 Scale Mail Armor
36:56 Arson
37:11 Squires
36:57 Gambesons
38:37 Iron Casting
38:23 Chain Barding Armor
38:29 Thumb Ring
37:50 Pikeman
40:36 Blast Furnace
39:32 Bodkin Arrow
39:55 Leather Archer Armor
40:12 Banking
41:12 Chemistry
40:32 Halberdier
44:53 Elite Skirmisher
47:37 Chain Mail Armor
47:54 Ring Archer Armor
47:32 Bracer
48:27 Elite Urumi Swordsman
Connection lost

Rejoining the realm…

Still unreachable

The connection could not be restored.

Session expired

The server has moved on; the page needs a fresh start.